 Dungeon Crawl Stone Soup version 0.32-a0-868-g153ae1a8d6 (webtiles) character file.

Game seed: 12740121570293348783

71 CoreAugur the Slasher (level 4, -4/33 HPs)
             Began as a Coglin Brigand on Mar 28, 2024.
             Slain by a sky beast (6 damage)
             ... on level 3 of the Dungeon.
             The game lasted 00:01:54 (1852 turns).

CoreAugur the Slasher (Coglin Brigand)              Turns: 1852, Time: 00:01:54

Health: -4/33      AC:  7    Str: 12    XL:     4   Next: 24%
Magic:  4/4        EV:  9    Int: 10    God:
Gold:   101        SH:  0    Dex: 17    Spells: 3/3 levels left

rFire   . . .        a - +2 dagger {Marduk-asir}
rCold   . . .        f - +0 dagger {Harkiran}
rNeg    . . .        m - +0 ring mail
rPois   .            (no helmet)
rElec   .            c - +0 cloak
rCorr   .            s - +0 pair of gloves
SInv    .            (no boots)
Will    .....        (amulet unavailable)
Stlth   ++           (ring unavailable)
HPRegen 0.25/turn    (ring unavailable)
MPRegen 0.09/turn    (no gizmo)

%: no passive effects
@: revved
A: off-hand wielding, slow wielding, warmup strikes, no jewellery
a: Invent Gizmo


You were on level 3 of the Dungeon.
You visited 1 branch of the dungeon, and saw 3 of its levels.

You collected 101 gold pieces.

Inventory:

Hand Weapons
 a - a +2 dagger (weapon) {Marduk-asir}
 f - a +0 dagger (offhand) {Harkiran}
Missiles
 d - 11 poisoned darts (quivered)
 e - 3 curare-tipped darts {=f}
 k - a throwing net {=f!f}
Armour
 b - a +0 robe
 c - a +0 cloak (worn)
 m - a +0 ring mail (worn)
 s - a +0 pair of gloves (worn)
Magical Staves
 t - a staff of fire {!a}
Scrolls
 h - 2 scrolls of fear {unknown}
 o - 5 scrolls of identify {unknown}
 q - a scroll of summoning {unknown}
 r - a scroll of poison {unknown}
Potions
 g - 3 potions of curing {unknown}
 i - a potion of ambrosia {unknown}
 j - a potion of lignification {unknown}
 l - a potion of mutation {unknown}
 n - a potion of heal wounds {unknown}
 p - a potion of brilliance {unknown}


   Skills:
 - Level 2.0 Fighting
 - Level 1.7(2.8) Short Blades
 + Level 3.7(4.0) Long Blades
 - Level 1.7 Throwing
 - Level 0.8 Dodging
 - Level 3.2 Stealth


You had 3 spell levels left.
You didn't know any spells.
Your spell library contained the following spells:

 Spells                   Type           Power      Damage    Failure   Level
 Shock                    Conj/Air       0%         1d3       65%         1
 Call Imp                 Summ           0%         N/A       78%         2
 Sublimation of Blood     Necr           0%         N/A       78%         2
 Swiftness                Air            0%         N/A       95%         3
 Volatile Blastmotes      Fire/Tloc      0%         2d10      95%         3
 Airstrike                Air            0%         2d(0-16)  100%        4
 Fulminant Prism          Conj/Alch      0%         3d5       100%        4
 Iskenderun's Mystic Bla Conj/Tloc 0%             2d3        (+2d1     100%        4
 Summon Hydra             Summ           0%         N/A       100%        7


Dungeon Overview and Level Annotations

Branches:
Dungeon (3/15)

Altars:


Innate Abilities, Weirdness & Mutations

You can wield a second weapon in your off-hand.
It takes a long time for you to wield or remove held weapons.
Your first few attacks do less damage.
You cannot equip rings or amulets.


Message History

No target in view!
No target in view!
No target in view!
No target in view!
You barely miss something with your +2 dagger.
You miss something with your +0 dagger. Something hits you.
Something shocks you.
You completely miss something with your +2 dagger.
You miss something with your +0 dagger. Something hits you but does no damage.
You closely miss something with your +0 dagger.
You closely miss something with your +2 dagger.
Something hits you but does no damage.
You hit something but do no damage. You miss something with your +2 dagger.
Something hits you but does no damage.
You closely miss something with your +0 dagger.
You closely miss something with your +2 dagger.
Something hits you but does no damage.
You miss something with your +0 dagger. You hit something but do no damage.
Something hits you but does no damage.
You closely miss something with your +0 dagger.
You barely miss something with your +2 dagger.
Something hits you but does no damage.
You miss something with your +0 dagger. You miss something with your +2 dagger.
You closely miss something with your +2 dagger.
You hit something with your +0 dagger. Something hits you.
Something shocks you.
* * * LOW HITPOINT WARNING * * *
You miss something with your +0 dagger.
You barely miss something with your +2 dagger.
Something hits you.
* * * LOW HITPOINT WARNING * * *
Something shocks you.
* * * LOW HITPOINT WARNING * * *
You barely miss something with your +0 dagger.
You miss something with your +2 dagger.
Reactivating autopickup.
A sky beast appears from thin air!
The sky beast misses you.
You closely miss the sky beast with your +0 dagger.
You hit the sky beast but do no damage. The sky beast closely misses you.
You completely miss the sky beast with your +0 dagger.
You barely miss the sky beast with your +2 dagger.
The sky beast closely misses you.
You hit the sky beast with your +2 dagger.
You hit the sky beast with your +0 dagger.
The sky beast hits you but does no damage.
You miss the sky beast with your +0 dagger.
You hit the sky beast but do no damage. The sky beast hits you.
* * * LOW HITPOINT WARNING * * *
The sky beast shocks you.
You die...

###### ....>.
#.##.## #.#...#
#Y#...# #@#...#
######.#...#
............#
#######.....#####
#.........#
#....####.#
#####....#..#.#
.........#..#.#
########.#.#..#.#


You could see a sky beast.

Vanquished Creatures
  An adder (D:2)
  2 dart slugs
  6 endoplasms
  5 giant cockroaches
  3 goblins
  3 hobgoblins (D:2)
  8 jackals (D:1)
  3 quokkas
  7 ball pythons
  5 bats (D:1)
  3 frilled lizards
  3 kobolds
  3 rats
52 creatures vanquished.

Notes
Turn   | Place    | Note
-------+----------+-------------------------------------------
     0 | D:1      | CoreAugur the Coglin Brigand began the quest for the Orb.
     0 | D:1      | Reached XP level 1. HP: 16/16 MP: 1/1
    26 | D:1      | Reached skill level 1 in Long Blades
    78 | D:1      | Reached XP level 2. HP: 19/22 MP: 2/2
   478 | D:1      | Reached XP level 3. HP: 27/27 MP: 3/3
   825 | D:1      | Reached skill level 3 in Long Blades
  1455 | D:2      | Reached XP level 4. HP: 33/33 MP: 4/4
  1830 | D:3      | Noticed a sky beast
  1852 | D:3      | Slain by a sky beast

Illustrated notes

Levels and vault maps discovered:
D:1:      dpeg_arrival_chambers_temple_mockup, layout_loops_ring,
          minmay_pentomino_z4
D:2:      layout_basic, hangedman_abyss_or_decor_lesser_grid
D:3:      layout_basic, slow_altar_2, mainiacjoe_overflow_boulevard,
          serial_shops, nicolae_shop_gibbet_a_chance, minmay_misc_feat_enclosed,
          minmay_misc_feat_x, uniq_natasha, uniq_crazy_yiuf_cottage,
          uniq_sigmund

Skill      XL: |  1  2  3 |
---------------+----------+-----
Long Blades    | 1 2 3 |  3.7
Fighting       | |  2.0
Short Blades   | |  1.7
Throwing       | |  1.7
Dodging        | |  0.8
Stealth        | |  3.2

Action                     |  1- 3 |  4- 6 || total
---------------------------+-------+-------++-------
  Melee: Dagger            |   180 |    56 ||   236
   Stab: Sleeping          |     9 |     1 ||    10
 Armour: Robe              |    49 |       ||    49
         Ring mail         |     9 |    16 ||    25
  Dodge: Dodged            |    61 |     8 ||    69

Table legend: (Time is in decaauts)
 A = Elapsed time spent in this place.
 B = Non-inter-level travel time spent in this place.
 C = Inter-level travel time spent in this place.
 D = Time resting spent in this place.
 E = Time spent auto-exploring this place.
 F = Levels seen in this place.
 G = Mean time per level.
                   A        B        C        D        E       F      G
               +--------+--------+--------+--------+--------+-----+--------+
         Total |   1835 |   1696 |    139 |      0 |   1399 |   3 |  611.7 |
       Dungeon |   1835 |   1696 |    139 |      0 |   1399 |   3 |  611.7 |
               +--------+--------+--------+--------+--------+-----+--------+

Top non-repeatable levels by time:
     D:1: 1048 daAuts
     D:2: 721 daAuts
     D:3: 65 daAuts
